 Dungeon Crawl Stone Soup version 0.29.1-15-g9cfb28693d (webtiles) character file.

Game seed: 15985243684659839965

50 Ast3rio the Trooper (level 3, -2/51 HPs)
             Began as a Minotaur Berserker on Mar 14, 2023.
             Was a Follower of Trog.
             Slain by a goblin
             ... wielding a +0 club
             ... led by Robin
              (6 damage)
             ... on level 2 of the Dungeon.
             The game lasted 00:01:09 (1146 turns).

Ast3rio the Trooper (Minotaur Berserker)            Turns: 1146, Time: 00:01:09

Health: -2/51      AC:  2    Str: 23    XL:     3   Next: 55%
Magic:  2/2        EV: 12    Int:  4    God:    Trog [*.....]
Gold:   78         SH:  0    Dex:  9    Spells: 2/2 levels left

rFire   . . .      SeeInvis .   c - +2 dagger (venom)
rCold   . . .      Faith    .   (no shield)
rNeg    . . .      Spirit   .   b - +0 animal skin
rPois   .          Reflect  .   (helmet restricted)
rElec   .          Harm     .   (no cloak)
rCorr   .          Rampage  .   (no gloves)
Will    .....                   (no boots)
Stlth   ..........              (no amulet)
HPRegen 0.17/turn               (no ring)
MPRegen 0.08/turn               (no ring)

@: berserking (expiring), very quick
A: horns 2, retaliatory headbutt
a: Renounce Religion, Berserk


You were on level 2 of the Dungeon.
You worshipped Trog.
Trog was aware of your devotion.
You visited 1 branch of the dungeon, and saw 2 of its levels.

You collected 78 gold pieces.

Inventory:

Hand Weapons
 a - a +0 hand axe
 c - a +2 dagger of venom (weapon)
Armour
 b - a +0 animal skin (worn)
Scrolls
 d - a scroll of magic mapping {unknown}
 e - 2 scrolls of identify {unknown}
 g - a scroll of enchant weapon {unknown}
 h - a scroll of butterflies {unknown}
 k - a scroll of fear {unknown}
 l - a scroll of acquirement {unknown}
Potions
 f - a potion of flight {unknown}
 i - a potion of degeneration {unknown}
 j - 2 potions of curing {unknown}


   Skills:
 * Level 4.3 Fighting
 * Level 1.8 Short Blades
 - Level 3.6 Axes
 + Level 2.9 Armour
 + Level 2.7 Dodging


You had 2 spell levels left.
You didn't know any spells.
Your spell library was empty.

Dungeon Overview and Level Annotations

Branches:
Dungeon (2/15)

Altars:

Shops:
D:1 [


Innate Abilities, Weirdness & Mutations

You have a pair of horns on your head.
You reflexively headbutt those who attack you in melee.


Message History

You are too injured to fight recklessly!
You are too injured to fight recklessly!
You are too injured to fight recklessly!
You are too injured to fight recklessly!
Unknown command.
A red film seems to cover your vision as you go berserk!
You feel yourself moving faster!
You feel mighty! The goblin hits you with a +0 club.
The goblin hits you with a +0 dagger.
You barely miss the goblin. You hit the goblin.
You kill the goblin!
Trog accepts your kill. Robin throws the goblin at you!
The goblin closely misses you. The goblin hits you with a +0 dagger.
* * * LOW HITPOINT WARNING * * *
You closely miss the goblin. You barely miss the goblin.
The goblin hits you with a +0 dagger.
* * * LOW HITPOINT WARNING * * *
The goblin misses you.
You barely miss the goblin. Your headbutt misses the goblin.
A hobgoblin comes into view.
The goblin completely misses you. The goblin closely misses you.
You hit the goblin.
You kill the goblin!
Trog accepts your kill. Robin hits you with a +0 mace.
* * * LOW HITPOINT WARNING * * *
Items here: ))) †.
You barely miss Robin. Robin hits you with a +0 mace.
* * * LOW HITPOINT WARNING * * *
The goblin barely misses you.
You hit Robin. You headbutt Robin!
You kill Robin!
Trog accepts your kill.
A goblin comes into view. It is wielding a +0 dagger.
The goblin shouts!
The rat misses you.
A goblin comes into view. It is wielding a +0 club.
The goblin hits you with a +0 club.
You die...

#.##.........#
..##....####.#
####.#### #.#
#.# #)# #)#
#g# #@#
#..rgg.g...#
#.##.#.###.# #
#.#.# #.# #
#.# #.# ..#


You could see a hobgoblin (strong), 3 goblins and a rat.

Vanquished Creatures
  Robin (D:2)
  2 adders (D:2)
  2 endoplasms (D:2)
  8 goblins
  3 hobgoblins
  A quokka (D:1)
  A frilled lizard (D:1)
  A kobold (D:2)
  2 rats
21 creatures vanquished.

Notes
Turn   | Place    | Note
-------+----------+-------------------------------------------
     0 | D:1      | Ast3rio the Minotaur Berserker began the quest for the Orb.
     0 | D:1      | Reached XP level 1. HP: 19/19 MP: 0/0
   214 | D:1      | Found Gova's Armour Emporium.
   898 | D:2      | Reached skill level 4 in Fighting
   898 | D:2      | Reached skill level 1 in Short Blades
   898 | D:2      | Reached XP level 2. HP: 27/27 MP: 1/1
  1086 | D:2      | Reached XP level 3. HP: 30/33 MP: 2/2
  1131 | D:2      | Noticed Robin
  1145 | D:2      | Killed Robin
  1146 | D:2      | Slain by a goblin

Illustrated notes

Levels and vault maps discovered:
D:1:      matt_arrival_los_fun, layout_basic, serial_shops, shop
D:2:      layout_loops_ring, chequers_ecumenical_altar_simple_redux,
          dreamdust_princess_bridge, grunt_decor_cap, chequers_arboretum,
          uniq_robin

Skill      XL: |  1 |
---------------+----+-----
Fighting       | 4 |  4.3
Short Blades   | 1 |  1.8
Axes           | |  3.6
Armour         | |  2.9
Dodging        | |  2.7

Action                   || total
-------------------------++-------
Melee: Dagger            ||    43
       Headbutt          ||     6
       Hand axe          ||     2
       Punch             ||     1
Invok: Berserk           ||     1
Armor: Animal skin       ||     4
Dodge: Dodged            ||    28
